 Dungeon Crawl Stone Soup version 0.27-a0-819-g058290f (webtiles) character file.

Game seed: 1606809157538391505

119 Nithhogg the Skirmisher (level 5, -21/44 HPs)
             Began as a Barachi Fighter on Jan 13, 2021.
             Was an Initiate of Cheibriados.
             Demolished by an ogre
             ... wielding a +0 giant spiked club
              (23 damage)
             ... on level 4 of the Dungeon on Mar 29, 2021.
             The game lasted 00:07:08 (3492 turns).

Nithhogg the Skirmisher (Barachi Fighter)           Turns: 3492, Time: 00:07:10

Health: -21/44     AC:  7    Str: 19    XL:     5   Next: 3%
Magic:  5/5        EV:  9    Int:  9    God:    Cheibriados [......]
Gold:   138        SH:  0    Dex: 13    Spells: 4/4 levels left

rFire    . . .     SeeInvis .   a - +1 war axe
rCold    . . .     Faith    .   (no shield)
rNeg     . . .     Spirit   .   b - +1 scale mail
rPois    .         Reflect  .   (no helmet)
rElec    .         Harm     .   (no cloak)
rCorr    .         Rampage  .   (no gloves)
Will     .....                  (no boots)
Stlth    ..........             (no amulet)
HPRegen  0.14/turn              (no ring)
MPRegen  0.09/turn              (no ring)

@: very slow
A: +LOS, amphibious, slowness 1, strong legs 1
a: Hop, Renounce Religion, Bend Time


You were on level 4 of the Dungeon.
You worshipped Cheibriados.
Cheibriados was noncommittal.
You visited 1 branch of the dungeon, and saw 4 of its levels.

You collected 138 gold pieces.

Inventory:

Hand Weapons
 a - a +1 war axe (weapon)
 s - a +1 short sword of draining
Armour
 b - a +1 scale mail (worn)
 c - a +0 kite shield
Jewellery
 u - an amulet of faith
Wands
 n - a wand of polymorph (10)
Scrolls
 e - a scroll of removedness
 g - a scroll of removedness
 k - 2 scrolls of teleportation
 t - a scroll of brand weapon
Potions
 d - 3 potions of might
 f - a potion of berserk rage {unknown}
 j - 2 potions of resistance {unknown}
 l - 2 potions of heal wounds {unknown}
 m - a potion of mutation {unknown}
 o - 3 potions of lignification {unknown}
 p - a potion of ambrosia {unknown}
 v - a potion of curing {unknown}


   Skills:
 + Level 5.3 Fighting
 + Level 4.2 Axes
 - Level 3.6 Armour
 - Level 3.2 Shields


You had 4 spell levels left.
You didn't know any spells.
Your spell library contained the following spells:

 Spells                   Type           Power      Damage    Failure   Level
 Magic Dart               Conj           0%         1d3       75%         1
 Blink                    Tloc           N/A        N/A       87%         2
 Call Imp                 Summ           0%         N/A       87%         2
 Corpse Rot               Necr/Air       N/A        N/A       87%         2
 Slow                     Hex            0%         N/A       87%         2
 Conjure Flame            Conj/Fire      0%         6-21      98%         3
 Mephitic Cloud           Conj/Pois/Air  0%         N/A       98%         3
 Stone Arrow              Conj/Erth      0%         3d7       98%         3
 Summon Forest            Summ/Tloc      0%         N/A       100%        5
 Eringya's Noxious Bog    Tmut/Pois      0%         N/A       100%        6
 Hydra Form               Tmut           0%         N/A       100%        6
 Summon Hydra             Summ           0%         N/A       100%        7


Dungeon Overview and Level Annotations

Branches:
Dungeon (4/15)
 Temple: D:4-7

Altars:
Cheibriados
Elyvilon

Shops:
D:3 =


Innate Abilities, Weirdness & Mutations

You can be seen from farther away. (+LOS)
You are amphibious.
You cover ground slowly.
You can hop short distances.


Message History

As you read the scroll labelled JAVVOR PYQ, it crumbles to dust.
It is a scroll of enchant weapon.
Your +0 war axe glows red for a moment.
As you read the scroll labelled YSMYESK QAICO, it crumbles to dust.
It is a scroll of identify.
t - a scroll of brand weapon
(D) Dungeon
Where to? (Enter - D:3, ? - help)
Your surroundings suddenly seem different.
Done exploring.
Unknown command.
You can't go down here!
You can't go down here!
(D) Dungeon
Where to? (Enter - D:4, ? - help)
There is a stone staircase leading down here.
You climb downwards.
There is a stone staircase leading up here.
No target in view!
Found a white marble altar of Elyvilon.
You open the door.
Found a hand axe.
There is an open door here.
An ogre comes into view. It is wielding a +0 giant spiked club.
You slash the ogre!
The ogre is moderately wounded.
The ogre hits you with a +0 giant spiked club!
You hit the ogre.
The ogre is heavily wounded.
The ogre hits you with a +0 giant spiked club!
You slash the ogre!
The ogre is severely wounded.
The ogre hits you but does no damage.
You slash the ogre!
The ogre is almost dead.
The ogre hits you with a +0 giant spiked club!!
* * * LOW HITPOINT WARNING * * *
The ogre hits you with a +0 giant spiked club!!
Ouch! That really hurt!
You die...

#########
#####.......#
#...#...#####
#...#.<.#_# #
#...'...8.#.#.#
#...#..........
#...#..........
#...#.@.8.#.#.#
#.).#.O.###⌠# #
#####...# #
##.## #.# #.#
..# #.# #.#


You could see an ogre.

Vanquished Creatures
  Terence (D:2)
  An adder (D:3)
  2 worms (D:2)
  4 dart slugs
  2 orcs (D:3)
  7 ball pythons
  3 endoplasms
  A ghost (D:1)
  3 giant cockroaches
  10 goblins
  5 hobgoblins
  A quokka (D:2)
  9 bats
  A frilled lizard (D:1)
  10 kobolds
  6 rats
66 creatures vanquished.

Notes
Turn   | Place    | Note
-------+----------+-------------------------------------------
     0 | D:1      | Nithhogg the Barachi Fighter began the quest for the Orb.
     0 | D:1      | Reached XP level 1. HP: 18/18 MP: 1/1
     0 | D:1      | Upgraded the game from 0.27-a0-77-gd04b744 to
                  | 0.27-a0-819-g058290f
   248 | D:1      | Reached XP level 2. HP: 25/25 MP: 2/2
   286 | D:1      | Reached skill level 4 in Fighting
  1088 | D:1      | Reached XP level 3. HP: 31/31 MP: 3/3
  1522 | D:2      | Noticed Terence
  1529 | D:2      | Killed Terence
  1530 | D:2      | Reached XP level 4. HP: 20/38 MP: 4/4
  1788 | D:2      | Reached skill level 5 in Fighting
  2649 | D:3      | Found Jorya's Jewellery Emporium.
  2824 | D:3      | Reached XP level 5. HP: 19/44 MP: 5/5
  3061 | D:3      | Found a snail-covered altar of Cheibriados.
  3069 | D:3      | Became a worshipper of Cheibriados the Contemplative
  3483 | D:4      | Found a white marble altar of Elyvilon.
  3486 | D:4      | Noticed an ogre
  3492 | D:4      | HP: 2/44 [ogre/+0 giant spiked club (19)]
  3492 | D:4      | Demolished by an ogre

Illustrated notes

Levels and vault maps discovered:
D:1:      dpeg_arrival_arbitrary_c, layout_basic
D:2:      layout_rooms, grunt_decor_clamped, minmay_3d_cube, uniq_terence
D:3:      layout_loops_cross, kennysheep_slug_shrine, serial_shops, shop
D:4:      layout_basic, minitemple, nicolae_elemental_shop, uniq_blork_the_orc

Skill      XL: |  1  2  3  4 |
---------------+-------------+-----
Fighting       | 4 5 |  5.3
Axes           | 3 4 |  4.2
Armour         | |  3.6
Shields        | |  3.2

Action                   |  1- 3 |  4- 6 || total
-------------------------+-------+-------++-------
Melee: War axe           |   109 |   130 ||   239
  Use: Scroll            |       |     5 ||     5
Armor: Scale mail        |    61 |    80 ||   141
Dodge: Dodged            |    75 |    70 ||   145

Table legend: (Time is in decaauts)
 A = Elapsed time spent in this place.
 B = Non-inter-level travel time spent in this place.
 C = Inter-level travel time spent in this place.
 D = Time resting spent in this place.
 E = Time spent auto-exploring this place.
 F = Levels seen in this place.
 G = Mean time per level.
                   A        B        C        D        E       F      G
               +--------+--------+--------+--------+--------+-----+--------+
         Total |   3982 |   3885 |     97 |      0 |   3288 |   4 |  995.5 |
       Dungeon |   3982 |   3885 |     97 |      0 |   3288 |   4 |  995.5 |
               +--------+--------+--------+--------+--------+-----+--------+

Top non-repeatable levels by time:
     D:3: 1498 daAuts
     D:1: 1411 daAuts
     D:2: 1054 daAuts
     D:4: 18 daAuts
